 Dungeon Crawl Stone Soup version 0.21.0 (webtiles) character file.

22180 Jinx the Carver (level 12, 0/172 HPs)
             Began as a Minotaur Berserker on May 20, 2018.
             Was a High Priest of Trog.
             Killed from afar by a lindwurm (20 damage)
             ... with a blast of flame
             ... in a volcano.
             The game lasted 00:38:57 (14686 turns).

Jinx the Carver (Minotaur Berserker)               Turns: 14686, Time: 00:38:57

Health: 0/172      AC: 15    Str: 31    XL:     12   Next: 60%
Magic:  16/16      EV:  9    Int:  4    God:    Trog [*****.]
Gold:   836        SH:  0    Dex: 11    Spells: 11/11 levels left

rFire    . . .     SeeInvis .   o - +2 falchion (slice)
rCold    . . .     Gourm    .   (no shield)
rNeg     + + +     Faith    .   l - +0 plate armour
rPois    .         Spirit   .   (helmet restricted)
rElec    .         Reflect  .   i - scarf {repulsion}
rCorr    .         Harm     .   a - +0 pair of gloves (curse)
MR       +....                  (no boots)
Stlth    ..........             (no amulet)
HPRegen  0.38/turn              W - ring "Emitt" {Wiz rN+++}
MPRegen  0.15/turn              D - ring of protection from magic

@: berserking, repel missiles, very quick
A: retaliatory headbutt, horns 2
a: Berserk, Trog's Hand, Brothers in Arms, Burn Spellbooks, Renounce Religion


You were in a volcano.
You worshipped Trog.
Trog was extremely pleased with you.
You were not hungry.

You visited 3 branches of the dungeon, and saw 15 of its levels.
You also visited: Ossuary and Volcano.

You collected 875 gold pieces.
You spent 39 gold pieces at shops.

Inventory:

Hand Weapons
 o - a +2 falchion of slicing (weapon)
 M - a +0 arbalest of velocity
Missiles
 r - 48 bolts
Armour
 a - a cursed +0 pair of gloves (worn)
 i - a scarf of repulsion (worn)
 l - a +0 plate armour (worn)
 y - a +0 cloak
Jewellery
 D - a ring of protection from magic (right hand)
 W - the ring "Emitt" (left hand) {Wiz rN+++}
   (You found it on level 9 of the Dungeon)

   [ring of wizardry]

   It improves your spell success rate.
   It renders you almost immune to negative energy.
Wands
 p - a wand of paralysis (28)
 s - a wand of digging (8)
 O - a wand of scattershot (5)
 P - a wand of acid (18)
 T - a wand of flame (31)
Scrolls
 e - 9 scrolls of identify
 f - 4 scrolls of enchant armour {unknown}
 h - 4 scrolls of teleportation
 j - 9 scrolls of remove curse {unknown}
 m - 3 scrolls of blinking {unknown}
 q - 2 scrolls of fear {unknown}
 t - 6 scrolls of random uselessness {unknown}
 u - 3 scrolls of magic mapping {unknown}
 B - 3 scrolls of vulnerability {unknown}
 F - a scroll of enchant weapon {unknown}
 J - 2 scrolls of immolation {unknown}
 Q - a scroll of noise {unknown}
 S - a scroll of summoning {unknown}
 Z - a scroll of amnesia {unknown}
Potions
 d - 7 potions of curing {unknown}
 g - 5 potions of heal wounds
 k - 4 potions of mutation {unknown}
 n - a potion of berserk rage {unknown}
 v - 4 potions of brilliance {unknown}
 x - 3 potions of degeneration {unknown}
 z - 2 potions of ambrosia {unknown}
 A - 3 potions of flight {unknown}
 G - a potion of invisibility {unknown}
 I - 3 potions of haste {unknown}
 K - 2 potions of lignification {unknown}
 L - a potion of might {unknown}
 V - 3 potions of magic {unknown}
 X - a potion of resistance
Comestibles
 c - 11 rations


   Skills:
 + Level 13.5 Fighting
 + Level 14.6 Long Blades
 + Level 8.3 Crossbows
 + Level 9.5 Armour
 - Level 2.1 Dodging
 + Level 6.9 Evocations


You had 11 spell levels left.
You didn't know any spells.

Dungeon Overview and Level Annotations

Branches:
Dungeon (11/15)            Temple (1/1) D:5            Lair (3/6) D:8
 Spider (0/4) Lair:2          Orc (0/2) D:11
  Swamp: Lair:2-4    Shoals: Lair:2-4

Altars:
Ashenzari
Cheibriados
Dithmenos
Elyvilon
Fedhas
Gozag
Hepliaklqana
Kikubaaqudgha
Makhleb
Nemelex Xobeh
Okawaru
Qazlal
Ru
Sif Muna
Trog
Uskayaw
Vehumet
Wu Jian
Xom
Yredelemnul
Zin
The Shining One

Shops:
D:4 [   D:8 ?   D:9 [   D:10 [


Innate Abilities, Weirdness & Mutations

You reflexively headbutt those who attack you in melee.
You have a pair of horns on your head.


Message History

You hit the molten gargoyle.
The molten gargoyle is moderately damaged.
Unknown command.
You closely miss the molten gargoyle.
The molten gargoyle is moderately damaged.
You slash the molten gargoyle!
You headbutt the molten gargoyle, but do no damage.
The molten gargoyle is severely damaged.
You slash the molten gargoyle! You headbutt the molten gargoyle.
You destroy the molten gargoyle!
Trog accepts your kill.
The molten gargoyle hits you but does no damage.
There is an open door, spattered with blood here.
You see here a mace.
You completely miss the molten gargoyle.
You hit the molten gargoyle but do no damage.
The lindwurm breathes flames at you.
The blast of flame hits the molten gargoyle.
The molten gargoyle completely resists.
The blast of flame hits you!
You die...

##...§≈ ...≈≈≈≈
.≈≈≈≈≈k .≈≈≈≈≈k
...≈≈≈≈ #...≈≈
#.§9## ##@#
##..#..##
##..##≈..##
##..##≈≈§§.##
##...#≈≈≈§≈..##
#....#≈§≈§≈≈§.#
##...##≈§≈§§.#
##..##≈§§§§#
###)###§###


You could see 2 lindwurms and a molten gargoyle.

Vanquished Creatures
  Erolcha (D:9)
  A hydra (Lair:1)
  An unseen horror (D:10)
  Pikel (D:7)
  2 ugly things
  Psyche (D:8)
  Joseph (D:7)
  2 molten gargoyles (Volcano)
  7 spiny frogs
  A komodo dragon (Lair:2)
  A hornet (D:9)
  3 jumping spiders (Lair:2)
  3 trolls
  Grinder (D:4)
  Prince Ribbit (D:6)
  2 blink frogs (Lair:1)
  A hippogriff (Lair:2)
  Sigmund (D:5)
  11 yaks
  5 redbacks (Lair:2)
  2 basilisks
  3 hungry ghosts (D:10)
  A steam dragon (D:11)
  Menkaure (Ossuary)
  Edmund (D:5)
  A soldier ant (D:8)
  5 water moccasins
  2 hell hounds (D:8)
  2 porcupines (Lair:2)
  Duvessa (D:4)
  3 black bears
  4 ice beasts
  5 orc warriors
  A slave (D:7)
  7 sky beasts
  10 wolves
  6 ogres
  3 phantoms
  3 centaurs
  3 crocodiles
  9 bullfrogs
  3 big kobolds
  A wyvern zombie (D:6)
  Dowan (D:4)
  An earth elemental (Volcano)
  A wyvern skeleton (D:8)
  3 scorpions
  A water moccasin skeleton (D:7)
  12 howler monkeys
  5 crimson imps
  4 bullfrog zombies
  2 quasits (D:8)
  A centaur zombie (D:5)
  2 bullfrog skeletons (D:10)
  12 orc wizards
  Crazy Yiuf (D:5)
  A gnoll shaman (D:6)
  6 hounds
  3 jellies
  13 orc priests
  Ijyb (D:3)
  10 worker ants
  Natasha (D:2)
  4 iguanas
  A killer bee zombie (D:8)
  3 mummies (Ossuary)
  Robin (D:4)
  A worker ant zombie (D:6)
  A howler monkey skeleton (D:5)
  6 gnolls
  18 adders
  A shadow imp (D:3)
  3 worms
  2 adder skeletons
  A dart slug (D:1)
  4 leopard geckos
  64 orcs
  2 giant cockroaches (D:3)
  3 gnoll zombies (Ossuary)
  7 hobgoblins
  9 jackals
  4 quokkas
  10 bats
  7 frilled lizards
  4 gnoll skeletons (Ossuary)
  16 goblins
  3 goblin skeletons (Ossuary)
  2 goblin zombies (Ossuary)
  2 hobgoblin skeletons (Ossuary)
  6 hobgoblin zombies (Ossuary)
  2 jackal zombies
  19 kobolds
  2 kobold skeletons (Ossuary)
  A kobold zombie (Ossuary)
  A leopard gecko zombie (D:6)
  2 orc skeletons (Ossuary)
  4 orc zombies (Ossuary)
  8 rats
  3 rat skeletons (Ossuary)
  2 rat zombies (Ossuary)
434 creatures vanquished.

Vanquished Creatures (collateral kills)
  3 jumping spiders (Lair:2)
  3 blink frogs (Lair:1)
6 creatures vanquished.

Vanquished Creatures (others)
  An orc wizard (D:10)
  A goblin (D:4)
  A goblin skeleton (Ossuary)
  3 goblin zombies (Ossuary)
  3 hobgoblin skeletons (Ossuary)
  A hobgoblin zombie (Ossuary)
  A kobold skeleton (Ossuary)
  2 kobold zombies (Ossuary)
  2 orc skeletons (Ossuary)
  2 rat skeletons (Ossuary)
  A rat zombie (Ossuary)
  A fire vortex (Volcano)
19 creatures vanquished.

Grand Total: 459 creatures vanquished

Notes
Turn   | Place    | Note
-------+----------+-------------------------------------------
     0 | D:1      | Jinx the Minotaur Berserker began the quest for the Orb.
     0 | D:1      | Reached XP level 1. HP: 19/19 MP: 0/0
    22 | D:1      | Reached skill level 4 in Long Blades
   124 | D:1      | Reached XP level 2. HP: 27/27 MP: 1/1
   575 | D:1      | Reached ** piety under Trog
   773 | D:2      | Reached XP level 3. HP: 23/33 MP: 2/2
   809 | D:2      | Reached skill level 5 in Long Blades
  1034 | D:2      | Found a snail-covered altar of Cheibriados.
  1035 | D:2      | Found a deep blue altar of Sif Muna.
  1333 | D:2      | Noticed Natasha
  1343 | D:2      | Killed Natasha
  1343 | D:2      | Reached XP level 4. HP: 30/41 MP: 3/3
  1467 | D:3      | Noticed a moth of wrath
  1470 | D:3      | Found a bloodstained altar of Trog.
  1711 | D:3      | Reached skill level 6 in Long Blades
  1711 | D:3      | Reached XP level 5. HP: 36/47 MP: 4/4
  1794 | D:3      | Reached skill level 5 in Fighting
  2171 | D:3      | Noticed Ijyb
  2178 | D:3      | Killed Ijyb
  2194 | D:3      | Reached skill level 7 in Long Blades
  2194 | D:3      | Reached XP level 6. HP: 56/56 MP: 5/5
  2202 | D:3      | Reached *** piety under Trog
  2247 | D:3      | Found a shimmering altar of Xom.
  2351 | D:4      | Found Caotosi's Antique Armour Boutique.
  2437 | D:4      | Noticed Duvessa
  2438 | D:4      | Noticed Dowan
  2444 | D:4      | Killed Duvessa
  2450 | D:4      | Killed Dowan
  2450 | D:4      | Reached skill level 8 in Long Blades
  2533 | D:4      | Reached XP level 7. HP: 59/63 MP: 6/6
  2536 | D:4      | Noticed Robin
  2548 | D:4      | Killed Robin
  2686 | D:4      | Found an opulent altar of Gozag.
  2686 | D:4      | Found a shattered altar of Ashenzari.
  2711 | D:4      | Found an iron altar of Okawaru.
  2773 | D:4      | Noticed Grinder
  2791 | D:4      | Paralysed by Grinder for 3 turns
  2802 | D:4      | Killed Grinder
  2802 | D:4      | Reached skill level 9 in Long Blades
  3035 | D:5      | Entered Level 5 of the Dungeon
  3153 | D:5      | Reached **** piety under Trog
  3153 | D:5      | Reached XP level 8. HP: 73/73 MP: 7/7
  3222 | D:5      | Reached skill level 10 in Long Blades
  3249 | D:5      | Noticed Edmund
  3553 | D:5      | Killed Edmund
  3594 | D:5      | Noticed Sigmund
  3607 | D:5      | Killed Sigmund
  3672 | D:5      | Reached skill level 11 in Long Blades
  3721 | D:5      | Found a runed door.
  3725 | D:5      | Noticed Crazy Yiuf
  3730 | D:5      | Killed Crazy Yiuf
  3788 | D:5      | Found a staircase to the Ecumenical Temple.
  3802 | Temple   | Entered the Ecumenical Temple
  3947 | D:5      | Found an ornate altar of the Wu Jian Council.
  4468 | D:6      | Noticed a troll
  4481 | D:6      | Reached XP level 9. HP: 82/82 MP: 8/8
  4489 | D:6      | Killed a troll
  4489 | D:6      | Reached skill level 12 in Long Blades
  4556 | D:6      | Noticed Prince Ribbit
  4894 | D:6      | Found a glowing silver altar of Zin.
  5230 | D:6      | Killed Prince Ribbit
  5230 | D:6      | Reached skill level 13 in Long Blades
  5445 | D:6      | Reached skill level 10 in Fighting
  5820 | D:7      | Reached ***** piety under Trog
  5845 | D:7      | Found a sand-covered staircase.
  5861 | Ossuary  | Entered an ossuary
  5883 | Ossuary  | Received a gift from Trog
  6109 | Ossuary  | Noticed Menkaure
  6117 | Ossuary  | Killed Menkaure
  6236 | D:7      | Got a slimy leather armour
  6237 | D:7      | Identified the cursed +0 leather armour of Kiexzoda {rElec rC++ rN+ Slay-3} (You found it on level 7 of the Dungeon)
  6309 | D:7      | Found a basalt altar of Yredelemnul.
  6376 | D:7      | Found a white marble altar of Elyvilon.
  6377 | D:7      | Noticed Pikel
  6391 | D:7      | Killed Pikel
  6391 | D:7      | Reached skill level 14 in Long Blades
  6391 | D:7      | Reached XP level 10. HP: 94/94 MP: 9/9
  6567 | D:7      | Received a gift from Trog
  6575 | D:7      | Found a sparkling altar of Nemelex Xobeh.
  6700 | D:7      | Noticed Joseph
  6712 | D:7      | Killed Joseph
  6712 | D:7      | Reached skill level 1 in Crossbows
  6712 | D:7      | Reached skill level 1 in Evocations
  7008 | D:8      | Noticed Psyche
  7009 | D:8      | Found a staircase to the Lair.
  7017 | D:8      | Killed Psyche
  7459 | D:8      | Found Purionni's Magic Scroll Emporium.
  7467 | D:8      | Bought a scroll of teleportation for 39 gold pieces
  7654 | D:8      | Reached skill level 5 in Armour
  8767 | D:9      | Found a sacrificial altar of Ru.
  8890 | D:9      | Noticed Erolcha
  8900 | D:9      | Killed Erolcha
  8900 | D:9      | Reached XP level 11. HP: 104/104 MP: 12/12
  9010 | D:9      | Found Mutubim's Antique Armour Shoppe.
  9115 | D:9      | Got a scorched copper ring
  9116 | D:9      | Identified the ring "Emitt" {Wiz rN+++} (You found it on level 9 of the Dungeon)
  9579 | D:10     | Entered Level 10 of the Dungeon
  9621 | D:10     | Reached skill level 5 in Crossbows
 10055 | D:10     | Found Ufoul's Antique Armour Shop.
 10167 | D:10     | Noticed a purple ugly thing
 10179 | D:9      | Killed a purple ugly thing
 10179 | D:9      | Received a gift from Trog
 10860 | D:10     | Found a basalt altar of Yredelemnul.
 11041 | D:10     | Killed an unseen horror
 11239 | D:11     | Reached skill level 5 in Evocations
 11524 | D:11     | Noticed a white ugly thing
 11557 | D:11     | Killed a white ugly thing
 11562 | D:11     | Received a gift from Trog
 12025 | D:11     | Found an ornate altar of the Wu Jian Council.
 12064 | D:11     | Received a gift from Trog
 12284 | D:11     | Found a staircase to the Orcish Mines.
 12548 | Lair:1   | Entered Level 1 of the Lair of Beasts
 13331 | Lair:1   | Noticed a five-headed hydra
 13338 | Lair:1   | Killed a nine-headed hydra
 13338 | Lair:1   | Reached XP level 12. HP: 113/113 MP: 15/15
 14250 | Lair:2   | Found a hole to the Spider Nest.
 14540 | Lair:3   | Found a dark tunnel.
 14612 | Volcano  | Entered a volcano
 14686 | Volcano  | Killed from afar by a lindwurm

Skill      XL: |  1  2  3  4  5  6  7  8  9 10 11 12 |
---------------+-------------------------------------+-----
Long Blades    | 4 5 6 7 8 9 11 14 | 14.6
Fighting       | 4 5 6 7 8 10 11 12 13 | 13.5
Crossbows      | 4 7 8 |  8.3
Armour         | 5 8 9 |  9.5
Evocations     | 3 6 |  6.9
Dodging        | |  2.1

Action                   |  1- 3 |  4- 6 |  7- 9 | 10-12 || total
-------------------------+-------+-------+-------+-------++-------
Melee: Falchion          |    65 |   130 |   433 |   762 ||  1390
       Headbutt          |    11 |    30 |   108 |   167 ||   316
       Arbalest          |       |       |       |     1 ||     1
 Fire: Arbalest          |       |       |       |    91 ||    91
Throw: Javelin           |       |       |       |     6 ||     6
Invok: Berserk           |       |     3 |    11 |    15 ||    29
       Trog's Hand       |       |       |     1 |     3 ||     4
       Brothers in Arms  |       |       |       |     2 ||     2
  Use: Scroll            |       |       |     1 |     7 ||     8
       Potion            |       |       |       |     3 ||     3
  Eat: Chunk             |       |     8 |    20 |    36 ||    64
       Ration            |       |       |     1 |     6 ||     7
Armor: Animal skin       |     9 |       |       |       ||     9
       Plate armour      |     1 |    93 |   160 |   371 ||   625
Dodge: Dodged            |    51 |    52 |   116 |   230 ||   449
       Deflected         |     2 |     6 |    21 |    13 ||    42
       Rpst.: Falchion   |    15 |    16 |    40 |    59 ||   130
